 Dungeon Crawl Stone Soup version 0.27.0-1-g7a08968 (webtiles) character file.

Game seed: 8703660396739550799

14028 BALLS the Thaumaturge (level 11, -8/79 HPs)
             Began as a Mummy Conjurer on Jan 23, 2022.
             Was an Initiate of Gozag.
             Shot with an arrow by a centaur warrior (19 damage)
             ... on level 11 of the Dungeon.
             The game lasted 00:42:10 (12856 turns).

BALLS the Thaumaturge (Mummy Conjurer)             Turns: 12856, Time: 00:42:10

Health: -8/79      AC: 10    Str: 10    XL:     11   Next: 83%
Magic:  15/26      EV: 13    Int: 26    God:    Gozag
Gold:   2367       SH:  0    Dex: 12    Spells: 12/33 levels left

rFire    . . .     SeeInvis .   b - +2 short sword (venom)
rCold    + . .     Faith    .   (no shield)
rNeg     + + +     Spirit   .   e - +3 leather armour
rPois    ∞         Reflect  .   x - +1 hat
rElec    .         Harm     .   B - +0 cloak
rCorr    .         Rampage  .   s - +0 pair of gloves
Will     +....                  v - +0 pair of boots
Stlth    ++........             u - amulet of regeneration
HPRegen  1.23/turn              E - +6 ring of intelligence
MPRegen  0.20/turn              A - ring of protection from fire

@: no status effects
A: cold resistance 1, negative energy resistance 3, torment resistance 2, heat
vulnerability 1, no potions
a: Renounce Religion, Potion Petition, Call Merchant, Bribe Branch


You were on level 11 of the Dungeon.
You worshipped Gozag.
Gozag was most pleased with you.
You visited 3 branches of the dungeon, and saw 13 of its levels.

You collected 2409 gold pieces.
You paid 42 gold pieces to Gozag.

Inventory:

Hand Weapons
 b - a +2 short sword of venom (weapon)
 w - a +0 dagger of pain
Missiles
 o - a throwing net
Armour
 e - a +3 leather armour (worn)
 s - a +0 pair of gloves (worn)
 v - a +0 pair of boots (worn)
 x - a +1 hat (worn)
 B - a +0 cloak (worn)
Magical Staves
 d - a staff of earth
Jewellery
 g - a +6 ring of dexterity
 l - an amulet of guardian spirit
 u - an amulet of regeneration (around neck)
 A - a ring of protection from fire (right hand)
 E - a +6 ring of intelligence (left hand)
 F - a ring of protection from cold
Wands
 q - a wand of acid (10)
 C - a wand of paralysis (10)
 D - a wand of iceblast (7)
Scrolls
 a - 3 scrolls of magic mapping {unknown}
 c - 2 scrolls of immolation {unknown}
 f - 2 scrolls of enchant weapon {unknown}
 h - 2 scrolls of acquirement {unknown}
 i - a scroll of amnesia {unknown}
 j - 2 scrolls of teleportation
 k - 2 scrolls of enchant armour {unknown}
 m - 3 scrolls of noise {unknown}
 p - a scroll of vulnerability {unknown}
 r - a scroll of brand weapon {unknown}
 t - 3 scrolls of identify {unknown}
 y - 3 scrolls of fear {unknown}
 z - a scroll of blinking {unknown}
Miscellaneous
 n - a piece from Xom's chessboard (15/15)


   Skills:
 - Level 5.0 Fighting
 - Level 5.0 Dodging
 - Level 3.0 Stealth
 + Level 11.8 Spellcasting
 + Level 8.4 Conjurations
 - Level 4.0 Hexes
 - Level 5.0 Translocations
 - Level 7.0 Ice Magic


You had 12 spell levels left.
You knew the following spells:

 Your Spells              Type           Power      Damage    Failure   Level
a - Magic Dart            Conj           100%       1d8       1%          1
b - Searing Ray           Conj           100%       3d7       1%          2
c - Dazzling Flash        Conj/Hex       94%        N/A       1%          3
d - Fulminant Prism       Conj/Hex       23%        3d13      4%          4
e - Iskenderun's Mystic   Conj/Tloc      50%        2d11      3%          4
f - Freezing Cloud        Conj/Ice/Air   21%        6-21      17%         5
z - Blink                 Tloc           N/A        N/A       1%          2

Your spell library contained the following spells:

 Spells                   Type           Power      Damage    Failure   Level
 Lesser Beckoning         Tloc           20%        N/A       1%          3
 Animate Skeleton         Necr           30%        N/A       5%          1
 Pain                     Necr           60%        1d7       5%          1
 Sting                    Tmut/Pois      60%        1d6       5%          1
 Poisonous Vapours        Pois/Air       30%        N/A       8%          2
 Vampiric Draining        Necr           7%         2d7       16%         3
 Manifold Assault         Tloc           41%        N/A       19%         5
 Irradiate                Conj/Tmut      18%        3d19      26%         5
 Olgreb's Toxic Radiance  Pois           15%        N/A       45%         4
 Petrify                  Tmut/Erth      15%        N/A       45%         4
 Summon Forest            Summ/Tloc      14%        N/A       45%         5
 Summon Mana Viper        Hex/Summ       25%        N/A       54%         5
 Simulacrum               Ice/Necr       16%        N/A       88%         6
 Shadow Creatures         Summ           N/A        N/A       100%        6
 Polar Vortex             Ice            25%        N/A       100%        9
 Sublimation of Blood     Necr           Unusable   N/A       N/A         2

Dungeon Overview and Level Annotations

Branches:
Dungeon (11/15)            Temple (1/1) D:4            Lair (1/6) D:9
    Orc (0/2) D:11

Altars:
Ashenzari
Cheibriados
Dithmenos
Elyvilon
Fedhas
Gozag
Hepliaklqana
Kikubaaqudgha
Makhleb
Nemelex Xobeh
Okawaru
Qazlal
Ru
Sif Muna
Trog
Uskayaw
Vehumet
Wu Jian
Xom
Yredelemnul
Zin
The Shining One

Shops:
D:4 (

Annotations:
D:7 2 transporters


Innate Abilities, Weirdness & Mutations

You are immune to poison.
Your flesh is cold resistant. (rC+)
You are immune to negative energy. (rN+++)
You are immune to unholy pain and torment.
You are vulnerable to heat. (rF-)
You do not drink.


Message History

Casting: Magic Dart (safe; 1% risk of failure)
Confirm with . or Enter, or press ? or * to list all spells.
Aiming: Searing Ray (safe; 1% risk of failure)
Press: ? - help, Shift-Dir - straight line, f/p - centaur warrior
Aim: a centaur warrior, wielding a +0 longbow and quivering arrows (87% to hit)
The searing ray hits the centaur warrior!
The centaur warrior is lightly wounded. (Press . to maintain the ray.)
The centaur warrior shoots an arrow.
The arrow barely misses you.
The searing ray hits the centaur warrior!
The centaur warrior is moderately wounded.
The centaur warrior shoots an arrow.
The arrow closely misses you.
The searing ray hits the centaur warrior!
The centaur warrior is heavily wounded.
The centaur warrior shoots an arrow.
The arrow hits you!!
The searing ray hits the centaur warrior.
The centaur warrior is heavily wounded.
You finish channeling your searing ray.
The centaur warrior shoots an arrow.
The arrow hits you!
The centaur warrior shoots an arrow.
The arrow barely misses you.
Casting: Searing Ray (safe; 1% risk of failure)
Confirm with . or Enter, or press ? or * to list all spells.
Aiming: Searing Ray (safe; 1% risk of failure)
Press: ? - help, Shift-Dir - straight line, f/p - centaur warrior
Aim: a centaur warrior, wielding a +0 longbow and quivering arrows (heavily wounded, 87% to hit)
The searing ray hits the centaur warrior!
The centaur warrior is severely wounded. (Press . to maintain the ray.)
The centaur warrior shoots an arrow.
The arrow hits you!
* * * LOW HITPOINT WARNING * * *
The searing ray hits the centaur warrior!
The centaur warrior is almost dead.
The centaur warrior shoots an arrow.
The arrow hits you!
* * * LOW HITPOINT WARNING * * *
The centaur warrior shoots an arrow.
The arrow closely misses you.
Casting: Searing Ray (safe; 1% risk of failure)
Confirm with . or Enter, or press ? or * to list all spells.
The centaur warrior shoots an arrow.
The arrow hits you!!
You die...
Your body crumbles into a pile of gold.

.#....# #....#........ .#....# $
#....#####.... ##...c#
#....#....<... #....#
#....#.......≈ ##....
#....##......≈≈ ##....##'.......≈
###...###.#........
###...####...####..######.≈.
#.###^..c..@##..............
#...########................
######....................)......
.)...).....................).....
###............).................
#.................#########....
#.................# #....
#.................# #....
#...............### #....


You could see a centaur warrior.

Vanquished Creatures
  Harold (D:10)
  Erolcha (D:10)
  A boulder beetle (D:11)
  A two-headed ogre (D:11)
  A centaur warrior (D:11)
  A wizard (D:9)
  A cyclops (D:11)
  A cane toad (Lair:1)
  A komodo dragon (D:11)
  2 trolls (D:11)
  A hornet (D:11)
  2 polar bears (D:11)
  Prince Ribbit (D:6)
  A centaur simulacrum (D:11)
  A water elemental (D:11)
  The ghost of Nairin the Chopper, an amateur HOMo of Okawaru (D:4)
  2 steam dragons (D:8)
  13 yaks
  4 vampire mosquitoes (D:11)
  3 acid dragons (D:11)
  A water moccasin (D:6)
  2 orc warriors
  3 ice beasts
  3 sky beasts
  2 wolves (D:11)
  3 centaurs
  2 necrophages
  A phantom (D:4)
  2 kobold brigands (D:8)
  3 bullfrogs
  A wyvern zombie (D:6)
  A gnoll sergeant (D:6)
  A water moccasin skeleton (D:4)
  10 killer bees
  4 wights (D:8)
  3 howler monkeys
  An electric eel (D:11)
  A bullfrog zombie (D:6)
  3 bullfrog skeletons
  4 centaur zombies
  3 orc priests (D:11)
  6 jellies
  2 centaur skeletons
  3 iguanas
  Natasha (thrice) (D:2)
  11 orc wizards
  A scorpion zombie (D:5)
  A howler monkey zombie (D:11)
  15 gnolls
  7 adders
  A howler monkey skeleton (D:7)
  A white imp (D:11)
  An adder zombie (D:5)
  A worm (D:3)
  4 dart slugs
  62 orcs
  10 endoplasms
  4 giant cockroaches
  7 hobgoblins
  8 jackals
  11 kobolds
  6 quokkas
  9 ball pythons
  8 bats (D:1)
  3 frilled lizards
  11 goblins
  5 rats
  A butterfly (D:5)
296 creatures vanquished.

Vanquished Creatures (others)
  An unseen horror (shapeshifter) (D:11)
  6 fulminant prisms (D:10)
  A fungus (Lair:1)
8 creatures vanquished.

Grand Total: 304 creatures vanquished

Notes
Turn   | Place    | Note
-------+----------+-------------------------------------------
     0 | D:1      | BALLS the Mummy Conjurer began the quest for the Orb.
     0 | D:1      | Reached XP level 1. HP: 13/13 MP: 4/4
    38 | D:1      | Reached skill level 3 in Spellcasting
   425 | D:1      | Reached XP level 2. HP: 19/19 MP: 3/6
   583 | D:1      | Learned a level 2 spell: Searing Ray
   727 | D:1      | Reached skill level 4 in Spellcasting
  1173 | D:1      | Reached XP level 3. HP: 24/24 MP: 0/8
  1678 | D:2      | Found a faded altar of an unknown god.
  1725 | D:2      | Reached skill level 5 in Spellcasting
  1862 | D:2      | Reached XP level 4. HP: 29/30 MP: 5/11
  1890 | D:2      | Noticed Natasha
  1896 | D:2      | Killed Natasha
  1949 | D:2      | Noticed Natasha
  1956 | D:2      | Killed Natasha
  1957 | D:2      | Reached skill level 6 in Spellcasting
  2105 | D:2      | Noticed Natasha
  2108 | D:2      | Killed Natasha
  2109 | D:2      | Reached XP level 5. HP: 35/35 MP: 9/14
  2217 | D:2      | Reached skill level 7 in Spellcasting
  2566 | D:3      | Found a hide-covered altar of Uskayaw.
  2566 | D:3      | Found a broken altar of Ashenzari.
  3249 | D:4      | Found a staircase to the Ecumenical Temple.
  3258 | Temple   | Entered the Ecumenical Temple
  3290 | Temple   | Became a worshipper of Gozag Ym Sagoz the Greedy
  3343 | D:4      | Reached XP level 6. HP: 39/41 MP: 10/16
  3694 | D:4      | Found Quos's Antique Weapon Shop.
  3773 | D:4      | Reached skill level 5 in Conjurations
  3773 | D:4      | Reached skill level 1 in Fighting
  3883 | D:4      | Noticed a sky beast
  3943 | D:4      | Killed a sky beast
  3944 | D:4      | Reached XP level 7. HP: 28/52 MP: 8/17
  4283 | D:4      | Found a blossoming altar of Fedhas.
  4393 | D:4      | Found a runed translucent door.
  4396 | D:4      | Noticed Nairin's ghost (amateur HOMo)
  4419 | D:4      | Killed Nairin's ghost
  4709 | D:5      | Entered Level 5 of the Dungeon
  4744 | D:5      | Found a shimmering altar of Xom.
  5216 | D:5      | Found a hazy altar of Hepliaklqana.
  5867 | D:5      | Reached XP level 8. HP: 56/58 MP: 13/19
  5965 | D:6      | Noticed Prince Ribbit
  5973 | D:6      | Killed Prince Ribbit
  5974 | D:6      | Reached skill level 8 in Spellcasting
  6417 | D:6      | Reached skill level 9 in Spellcasting
  6562 | D:6      | Found a sacrificial altar of Ru.
  6782 | D:6      | Reached XP level 9. HP: 30/63 MP: 15/22
  6992 | D:6      | Reached skill level 10 in Spellcasting
  7143 | D:7      | Found a transporter.
  7143 | D:7      | Noticed a kobold demonologist
  7145 | D:7      | Noticed a kobold demonologist
  7331 | D:7      | Found a transporter.
  8199 | D:8      | Reached skill level 5 in Fighting
  8204 | D:8      | Learned a level 4 spell: Iskenderun's Mystic Blast
  8208 | D:8      | Learned a level 3 spell: Dazzling Flash
  8213 | D:8      | Learned a level 4 spell: Fulminant Prism
  8399 | D:8      | Reached skill level 1 in Hexes
  8399 | D:8      | Reached skill level 1 in Translocations
  9187 | D:9      | You fall into a shaft and drop 2 floors!
  9187 | D:11     | Noticed a polar bear
  9200 | D:11     | Killed a polar bear
  9268 | D:11     | Found a staircase to the Orcish Mines.
  9424 | D:11     | Reached XP level 10. HP: 74/74 MP: 20/24
  9466 | D:11     | Noticed a boulder beetle
  9551 | D:11     | Identified the +1 ring mail of Fireli {Rampage Will+ Dex-5}
  9557 | D:11     | Noticed a centaur warrior
  9574 | D:11     | Killed a centaur warrior
  9575 | D:11     | Reached skill level 5 in Translocations
  9778 | D:10     | Entered Level 10 of the Dungeon
  9992 | D:9      | Noticed a wizard
  9999 | D:9      | Killed a wizard
 10000 | D:9      | Reached skill level 5 in Dodging
 10072 | D:9      | Learned a level 2 spell: Blink
 10164 | D:9      | Found a staircase to the Lair.
 10179 | D:9      | Found a shadowy altar of Dithmenos.
 10216 | D:9      | Found a radiant altar of Vehumet.
 10461 | Lair:1   | Entered Level 1 of the Lair of Beasts
 10462 | Lair:1   | Noticed a cane toad
 10471 | Lair:1   | Killed a cane toad
 10665 | Lair:1   | Reached skill level 11 in Spellcasting
 10748 | Lair:1   | Noticed an eight-headed hydra
 10793 | D:9      | Learned a level 5 spell: Freezing Cloud
 10810 | D:10     | Noticed Erolcha
 10891 | D:10     | Reached skill level 1 in Ice Magic
 10948 | D:10     | Killed Erolcha
 10949 | D:10     | Reached XP level 11. HP: 73/79 MP: 13/26
 11084 | D:10     | Noticed Harold
 11101 | D:10     | Killed Harold
 11487 | D:10     | Found an ornate altar of the Wu Jian Council.
 11737 | D:11     | Reached skill level 5 in Ice Magic
 12300 | D:11     | Killed a boulder beetle
 12665 | D:11     | Noticed a centaur warrior
 12667 | D:11     | Noticed a white ugly thing
 12731 | D:11     | Noticed a two-headed ogre
 12739 | D:11     | Killed a two-headed ogre
 12856 | D:11     | Shot with an arrow by a centaur warrior

Illustrated notes

Levels and vault maps discovered:
D:1:      tarquinn_simple_flora_water_a, layout_basic
D:2:      layout_loops_ring, ebering_ecumenical_altar_box, grunt_ministairs_11,
          minivault_25, uniq_natasha
D:3:      layout_rooms, chequers_temple_overflow_statue_of_worship
D:4:      layout_basic, fedhas_altar_fruit_tree, minmay_temple_entry_mini_moons,
          ebering_ghost_reflecting_pool, chequers_mini_garden,
          nicolae_take_the_stairs, roderic_roman_lattice
D:5:      layout_loops_ring, xom_butterflies, nicolae_hepliaklqana_hazy_memory,
          dk_noncrumbling_2, kennysheep_generic_room_11
D:6:      layout_basic, nicolae_ru_path_of_blood, uniq_prince_ribbit1
D:7:      gammafunk_wand_slinger, layout_loops_ring
D:8:      layout_gridville
D:9:      layout_irregular_city, nicolae_vehumet_altar_sigil,
          lemuel_round_altar, lair_entry_dummy, grunt_decor_fettered,
          minmay_librarian
D:10:     layout_cave_pools, mainiacjoe_overflow_brackets, uniq_erolcha,
          uniq_harold
D:11:     layout_irregular_city, hiddenorc2_lemuel, enter_bailey_5, serial_ice,
          serial_ice_c, serial_ice_i, serial_ice_g, serial_ice_b, serial_ice_f,
          portal_ice_cave_entry_pillars_1, nzn_random_ring
Temple:   nicolae_temple_god_jail
Lair:1:   layout_chaotic_city

Skill      XL: |  1  2  3  4  5  6  7  8  9 10 11 |
---------------+----------------------------------+-----
Spellcasting   | 3 4 5 6 7 9 10 11 | 11.8
Conjurations   | 4 5 6 7 8 |  8.4
Fighting       | 3 5 |  5.0
Dodging        | 3 5 |  5.0
Stealth        | 3 |  3.0
Hexes          | 4 |  4.0
Translocations | 3 5 |  5.0
Ice Magic      | 2 7 |  7.0

Action                   |  1- 3 |  4- 6 |  7- 9 | 10-12 || total
-------------------------+-------+-------+-------+-------++-------
Melee: Dagger            |    10 |     3 |       |       ||    13
       Unarmed           |     1 |       |       |       ||     1
       Short sword       |       |    15 |    69 |    70 ||   154
 Cast: Magic Dart        |    92 |    59 |    35 |    16 ||   202
       Searing Ray       |     2 |    20 |    66 |    55 ||   143
       Iskenderun's Myst |       |       |       |     7 ||     7
       Fulminant Prism   |       |       |       |     6 ||     6
       Blink             |       |       |       |     2 ||     2
       Dazzling Flash    |       |       |       |     2 ||     2
  Use: Scroll            |       |       |     1 |     2 ||     3
 Stab: Sleeping          |       |     1 |     2 |       ||     3
       Distracted        |       |       |     1 |       ||     1
       Invisible         |       |       |       |     1 ||     1
Armor: Robe              |     2 |       |       |       ||     2
       Leather armour    |     4 |    21 |    57 |    81 ||   163
Dodge: Dodged            |    18 |    14 |   100 |   197 ||   329
